 Dungeon Crawl Stone Soup version 0.19.0-2-gae57169 (webtiles) character file.

165 xeno23 the Firebug (level 5, 0/29 HPs)
             Began as a Deep Elf Fire Elementalist on Nov 5, 2016.
             Slain by a giant cockroach (2 damage)
             ... on level 4 of the Dungeon.
             The game lasted 00:08:38 (2728 turns).

xeno23 the Firebug (Deep Elf Fire Elementalist)     Turns: 2728, Time: 00:08:39

Health: 0/29       AC:  5    Str:  5    XL:     5   Next: 21%
Magic:  8/22       EV: 12    Int: 21    God:
Gold:   96         SH:  0    Dex: 15    Spells: 3 memorised, 4 levels left

rFire  . . .     SeeInvis .     (no weapon)
rCold  . . .     Gourm    .     q - +1 leather armour {rN+}
rNeg   + . .     Faith    .     (no shield)
rPois  .         Spirit   .     k - +0 helmet
rElec  .         Reflect  .     (no cloak)
rCorr  .         Harm     .     (no gloves)
MR     .....                    (no boots)
Stlth  +.........               (no amulet)
                                j - ring of wizardry
                                e - ring of magical power

@: very slightly contaminated
A: no striking features
a: no special abilities


You were on level 4 of the Dungeon.
You were not hungry.

You visited 1 branch of the dungeon, and saw 4 of its levels.

You collected 96 gold pieces.

Inventory:

Armour
 k - a +0 helmet (worn)
 q - a +1 leather armour of positive energy (worn)
 t - a +0 pair of boots
Magical Staves
 i - an uncursed staff of poison {unknown}
Jewellery
 e - a ring of magical power (left hand)
 h - a cursed -3 ring of dexterity {unknown}
 j - a ring of wizardry (right hand)
 o - an uncursed ring of protection from cold
 p - an uncursed ring of see invisible
Scrolls
 f - a scroll of fog
 m - 2 scrolls of remove curse
 s - 2 scrolls of enchant weapon
 v - a scroll of amnesia {unknown}
Potions
 l - a potion of mutation {unknown}
 n - a potion of resistance {unknown}
 r - a potion of curing
Books
 b - a book of Flames

   Spells                             Type                      Level
   a - Flame Tongue                   Conjuration/Fire             1
   b - Throw Flame                    Conjuration/Fire             2
   c - Conjure Flame                  Conjuration/Fire             3
   d - Inner Flame                    Hexes/Fire                   3
   e - Sticky Flame                   Conjuration/Fire             4
   f - Fireball                       Conjuration/Fire             5
Comestibles
 a - a meat ration
 c - 2 bread rations
 d - a chunk of flesh
 g - 2 beef jerkies
 u - 2 fruits


   Skills:
 * Level 1.0 Fighting
 - Level 2.4 Dodging
 - Level 2.4 Stealth
 + Level 4.2 Spellcasting
 * Level 3.4 Conjurations
 * Level 4.6 Fire Magic


You had 4 spell levels left.
You knew the following spells:

 Your Spells              Type           Power        Failure   Level  Hunger
a - Flame Tongue          Conj/Fire      ###..        1%          1    None
d - Conjure Flame         Conj/Fire      ###.....     4%          3    ###....
s - Sticky Flame          Conj/Fire      ###.....     16%         4    ####...


Dungeon Overview and Level Annotations

Branches:
Dungeon (4/15)
 Temple: D:4-7

Altars:

Portals:
Sewer: D:4

Annotations:
D:3 no0bjke's ghost, amateur GrFi


Message History

Items here: ! $ ) †† a mace; a metallic white potion; 17 gold pieces; a giant cockroach corpse an orc corpse
Things that are here:
a hand axe; 3 tomahawks; an orc corpse You feel better.
The giant cockroach closely misses you.
You enter the shallow water.
Moving in this stuff is going to be slow.
The leopard gecko bites you. The giant cockroach closely misses you.
You take 2 damage.
The leopard gecko splashes around in the water.
The leopard gecko closely misses you. The giant cockroach barely misses you.
The giant cockroach closely misses you. The giant cockroach bites you.
The giant cockroach closely misses you.
The orc priest invokes the aid of Beogh against you.
Beogh smites you!
* * * LOW HITPOINT WARNING * * *
The leopard gecko splashes around in the water.
The giant cockroach closely misses you. The giant cockroach bites you.
You die...

# #. ###.# ##. #. #.
####.#.####..
...##.######............
........)....o..........
..##..o####.#...###....
#....#)..# #.##..# #.#..
##.# #≈≈≈# #.#...# ##. #


#sls# #.#.### ## #≈@≈# #.#.#####.# # #≈≈≈# #.....(...# #≈∩≈# ###.####### #≈≈≈#
#)# # #≈≈≈# #)# ## #≈≈≈# #)# #. #≈≈≈# ##.## # #...# ##...######## #.#..........
You could see an orc priest, a leopard gecko and 2 giant cockroaches.

Vanquished Creatures
  An orc priest (D:4)
  2 worker ants (D:4)
  2 adders
  An ooze (D:2)
  A leopard gecko (D:1)
  9 orcs (D:4)
  3 ball pythons
  5 giant cockroaches
  2 hobgoblins
  6 jackals
  5 bats
  5 frilled lizards
  6 goblins
  6 kobolds
  5 rats
59 creatures vanquished.

Notes
Turn   | Place    | Note
-------+----------+-------------------------------------------
     0 | D:1      | xeno23 the Deep Elf Fire Elementalist began the quest for the Orb.
     0 | D:1      | Reached XP level 1. HP: 10/10 MP: 6/6
   435 | D:1      | Reached XP level 2. HP: 15/15 MP: 2/8
  1202 | D:2      | Found a faded altar of an unknown god.
  1278 | D:2      | Reached XP level 3. HP: 19/19 MP: 8/10
  1366 | D:2      | Learned a level 3 spell: Conjure Flame
  2095 | D:3      | Noticed no0bjke's ghost (amateur GrFi)
  2291 | D:4      | Reached XP level 4. HP: 7/24 MP: 5/12
  2297 | D:4      | Learned a level 4 spell: Sticky Flame
  2672 | D:4      | Reached XP level 5. HP: 25/28 MP: 10/13
  2686 | D:4      | Found a glowing drain.
  2687 | D:4      | Reached skill level 1 in Fighting
  2728 | D:4      | Slain by a giant cockroach

Skill      XL: |  1  2  3  4  5 |
---------------+----------------+-----
Conjurations   | 2 3 |  3.4
Fire Magic     | 4 |  4.6
Spellcasting   | 4 |  4.2
Fighting       | 1 |  1.0
Dodging        | |  2.4
Stealth        | |  2.4

Action                   |  1- 3 |  4- 6 || total
-------------------------+-------+-------++-------
Melee: Unarmed           |       |     1 ||     1
 Cast: Flame Tongue      |    85 |    44 ||   129
       Conjure Flame     |     2 |     1 ||     3
       Sticky Flame      |       |     1 ||     1
  Use: Scroll            |     2 |     4 ||     6
       Potion            |       |     2 ||     2
  Eat: Chunk             |     4 |     2 ||     6
Armor: Robe              |     7 |       ||     7
       Leather armour    |     4 |     3 ||     7
Dodge: Dodged            |    24 |    20 ||    44
